 Dungeon Crawl Stone Soup version 0.24-a0-189-g5d897e9104 (webtiles) character file.

Game seed: 12685066603999048667

74 PeterQ the Protected (level 4, -9/41 HPs)
             Began as a Gnoll Wanderer on Mar 15, 2019.
             Killed from afar by an orc wizard (10 damage)
             ... with a magic dart
             ... on level 3 of the Dungeon.
             The game lasted 00:03:07 (3049 turns).

PeterQ the Protected (Gnoll Wanderer)               Turns: 3049, Time: 00:03:07

Health: -9/41      AC: 13    Str: 13    XL:     4   Next: 30%
Magic:  5/5        EV:  9    Int: 15    God:
Gold:   62         SH:  0    Dex: 16    Spells: 5/5 levels left

rFire    . . .     SeeInvis .   a - +0 dagger
rCold    . . .     Gourm    +   (no shield)
rNeg     . . .     Faith    .   d - +2 scale mail
rPois    .         Spirit   .   n - +0 helmet
rElec    .         Reflect  .   (no cloak)
rCorr    .         Harm     .   (no gloves)
MR       .....                  g - +0 pair of boots (curse)
Stlth    ..........             o - amulet of the gourmand
HPRegen  0.13/turn              (no ring)
MPRegen  0.09/turn              (no ring)

@: confused
A: distributed training, fangs 1, strong nose
a: no special abilities


You were on level 3 of the Dungeon.
You were not hungry.

You visited 1 branch of the dungeon, and saw 3 of its levels.

You collected 62 gold pieces.

Inventory:

Hand Weapons
 a - a +0 dagger (weapon)
Armour
 d - a +2 scale mail (worn)
 g - a cursed +0 pair of boots (worn)
 n - a +0 helmet (worn)
Jewellery
 o - an amulet of the gourmand (around neck)
Wands
 l - a wand of enslavement (11)
Scrolls
 h - 2 scrolls of identify {unknown}
 i - a scroll of teleportation {unknown}
 k - a scroll of remove curse {unknown}
 m - a scroll of fog {unknown}
 q - a scroll of amnesia {unknown}
Potions
 b - a potion of lignification
 c - a potion of curing
 e - a potion of heal wounds {unknown}
 j - 2 potions of might {unknown}
 p - a potion of invisibility {unknown}
Comestibles
 f - 2 rations


   Skills:
 + Level 6.6 Fighting
 + Level 1.0 Short Blades
 + Level 1.0 Long Blades
 + Level 1.0 Axes
 + Level 1.0 Maces & Flails
 + Level 1.0 Polearms
 + Level 1.0 Staves
 + Level 1.0 Slings
 + Level 1.0 Bows
 + Level 1.0 Crossbows
 + Level 2.7 Throwing
 + Level 10.4 Armour
 + Level 1.0 Dodging
 + Level 2.5 Stealth
 + Level 1.0 Shields
 + Level 1.0 Unarmed Combat
 + Level 1.0 Spellcasting
 + Level 0.8 Conjurations
 + Level 0.8 Hexes
 + Level 0.8 Charms
 + Level 0.8 Summonings
 + Level 0.8 Necromancy
 + Level 0.8 Translocations
 + Level 0.8 Transmutations
 + Level 0.8 Fire Magic
 + Level 0.8 Ice Magic
 + Level 0.8 Air Magic
 + Level 0.8 Earth Magic
 + Level 0.8 Poison Magic
 + Level 1.1 Invocations
 + Level 1.0 Evocations


You had 5 spell levels left.
You didn't know any spells.
Your spell library contained the following spells:

 Spells                   Type           Power        Failure   Level  Hunger
 Magic Dart               Conj           #...         52%         1    ##.....
 Blink                    Tloc           N/A          65%         2    ###....
 Call Imp                 Summ           #.......     65%         2    ###....
 Slow                     Hex            #.......     65%         2    ###....
 Conjure Flame            Conj/Fire      #.......     87%         3    ####...
 Mephitic Cloud           Conj/Pois/Air  #.......     87%         3    ####...


Dungeon Overview and Level Annotations

Branches:
Dungeon (3/15)

Altars:
Nemelex Xobeh
Okawaru
Ru
Trog


Innate Abilities, Weirdness & Mutations

Your experience applies equally to all skills.
You have very sharp teeth.
Your uncanny sense of smell can sniff out nearby items.


Message History

You bump into the rock wall.
Something hits you but does no damage. Something hits you but does no damage.
You bump into the rock wall.
Something hits you.
You completely miss something. You bite something.
You hear some strange, mumbled words.
You are more confused.
Your scale mail prevents you from hitting something.
Something hits you but does no damage.
You bump into the rock wall.
Something hits you.
* * * LOW HITPOINT WARNING * * *
You're too confused to move!
You hear some strange, mumbled words.
A puff of flame appears from out of thin air!
The puff of flame hits you!
* * * LOW HITPOINT WARNING * * *
You barely miss something.
You hear some strange, mumbled words.
A magic dart appears from out of thin air!
The magic dart hits you!
You die...

########
#.@....#
#{####.##
#........
#).####.#
#..# #..# ##
#########..#
.#
#<....o.)...#
.#.
########.##


There were no monsters in sight!

Vanquished Creatures
  3 adders
  2 worms (D:2)
  A leopard gecko (D:2)
  2 orcs (D:3)
  4 giant cockroaches
  2 hobgoblins (D:2)
  6 jackals (D:2)
  2 kobolds
  A ball python (D:2)
  5 bats
  2 frilled lizards
  5 goblins
  2 rats
  A plant (D:2)
38 creatures vanquished.

Vanquished Creatures (collateral kills)
  An orc (D:3)
1 creature vanquished.

Grand Total: 39 creatures vanquished

Notes
Turn   | Place    | Note
-------+----------+-------------------------------------------
     0 | D:1      | Reached skill level 10 in Armour
     0 | D:1      | PeterQ the Gnoll Wanderer began the quest for the Orb.
     0 | D:1      | PeterQ set off with the following items: a +0 dagger, a
                  | potion of lignification, a potion of curing, a +2 scale
                  | mail, a ration
     0 | D:1      | Reached XP level 1. HP: 23/23 MP: 1/1
   646 | D:1      | Reached XP level 2. HP: 29/29 MP: 2/2
  1657 | D:2      | Reached XP level 3. HP: 31/35 MP: 3/3
  1809 | D:2      | Found a sparkling altar of Nemelex Xobeh.
  1809 | D:2      | Found an iron altar of Okawaru.
  1810 | D:2      | Found a bloodstained altar of Trog.
  1959 | D:2      | Reached skill level 1 in Invocations
  2215 | D:2      | Found a sacrificial altar of Ru.
  2589 | D:3      | Reached skill level 1 in Short Blades
  2589 | D:3      | Reached skill level 1 in Long Blades
  2589 | D:3      | Reached skill level 1 in Axes
  2589 | D:3      | Reached skill level 1 in Maces & Flails
  2589 | D:3      | Reached skill level 1 in Polearms
  2589 | D:3      | Reached skill level 1 in Staves
  2589 | D:3      | Reached skill level 1 in Slings
  2589 | D:3      | Reached skill level 1 in Bows
  2589 | D:3      | Reached skill level 1 in Crossbows
  2589 | D:3      | Reached skill level 1 in Dodging
  2589 | D:3      | Reached skill level 1 in Shields
  2589 | D:3      | Reached skill level 1 in Unarmed Combat
  2589 | D:3      | Reached skill level 1 in Spellcasting
  2589 | D:3      | Reached skill level 1 in Evocations
  2589 | D:3      | Reached XP level 4. HP: 27/41 MP: 5/5
  3048 | D:3      | HP: 1/41 [something/puff of flame (10)]
  3049 | D:3      | Killed from afar by an orc wizard

Levels and vault maps discovered:
D:1:      matt_arrival_los_fun, layout_basic, nrook_loot_triangle
D:2:      layout_loops_corners, nicolae_ru_the_path_less_chosen,
          gammafunk_temple_overflow_claw, minmay_tromino_i2
D:3:      layout_loops_ring, tgw_sif, uniq_terence

Skill      XL: |  1  2  3 |
---------------+----------+-----
Armour         | | 10.4
Invocations    | 1 |  1.1
Short Blades   | 1 |  1.0
Long Blades    | 1 |  1.0
Axes           | 1 |  1.0
Maces & Flails | 1 |  1.0
Polearms       | 1 |  1.0
Staves         | 1 |  1.0
Slings         | 1 |  1.0
Bows           | 1 |  1.0
Crossbows      | 1 |  1.0
Dodging        | 1 |  1.0
Shields        | 1 |  1.0
Unarmed Combat | 1 |  1.0
Spellcasting   | 1 |  1.0
Evocations     | 1 |  1.0
Fighting       | |  6.6
Throwing       | |  2.7
Stealth        | |  2.5
Conjurations   | |  0.8
Hexes          | |  0.8
Charms         | |  0.8
Summonings     | |  0.8
Necromancy     | |  0.8
Translocations | |  0.8
Transmutations | |  0.8
Fire Magic     | |  0.8
Ice Magic      | |  0.8
Air Magic      | |  0.8
Earth Magic    | |  0.8
Poison Magic   | |  0.8

Action                   |  1- 3 |  4- 6 || total
-------------------------+-------+-------++-------
Melee: Dagger            |   373 |    80 ||   453
       Bite              |    57 |    10 ||    67
       Punch             |     2 |     1 ||     3
Evoke: Wand              |       |     2 ||     2
  Eat: Chunk             |     4 |     1 ||     5
       Ration            |       |     1 ||     1
Armor: Scale mail        |   143 |    32 ||   175
Dodge: Dodged            |   126 |    26 ||   152

Table legend:
 A = Non-vault XP
 B = Vault XP
 C = Vault XP percentage of total XP
 D = Non-vault monster count
 E = Vault monster count
 F = Vault count percentage of total count
                 A         B        C        D         E       F
            +---------+---------+-------+---------+---------+-------
      Total |     106 |       1 |   0.9 |      37 |       1 |   2.6
            +---------+---------+-------+---------+---------+-------
        D:1 |      11 |       0 |   0.0 |       8 |       0 |   0.0
        D:2 |      60 |       1 |   1.6 |      23 |       1 |   4.2
        D:3 |      35 |       0 |   0.0 |       6 |       0 |   0.0
            +---------+---------+-------+---------+---------+-------
